 Dungeon Crawl Stone Soup version 0.20.0-15-g7f486f2 (webtiles) character file.

134 sreda the Vexing (level 4, 0/30 HPs)
             Began as a Vampire Enchanter on June 13, 2017.
             Succumbed to an adder's poison
             ... on level 3 of the Dungeon.
             The game lasted 00:11:30 (3149 turns).

sreda the Vexing (Vampire Enchanter)                Turns: 3149, Time: 00:11:30

Health: 0/30       AC:  4    Str:  7    XL:     4   Next: 95%
Magic:  4/7        EV: 12    Int: 18    God:
Gold:   104        SH:  0    Dex: 14    Spells: 1/7 levels left

rFire    . . .     SeeInvis +   a - +1 dagger
rCold    . . .     Gourm    .   (no shield)
rNeg     + . .     Faith    .   b - +0 robe
rPois    .         Spirit   .   (no helmet)
rElec    .         Reflect  .   (no cloak)
rCorr    .         Harm     .   (no gloves)
MR       .....                  s - +1 pair of boots {run}
Stlth    +++.......             (no amulet)
Regen    0.1/turn               (no ring)
MPRegen  0.1/turn               (no ring)

@: lethally poisoned (0 -> -4), quick
A: fangs 3, see invisible, unbreathing
a: Bat Form


You were on level 3 of the Dungeon.
You were not thirsty.

You visited 1 branch of the dungeon, and saw 3 of its levels.

You collected 104 gold pieces.

Inventory:

Hand Weapons
 a - a +1 dagger (weapon)
Armour
 b - a +0 robe (worn)
 s - a +1 pair of boots of running (worn)
Wands
 o - a wand of iceblast (7/15)
Scrolls
 e - a scroll of fog
 g - 2 scrolls of amnesia
 h - 3 scrolls of remove curse
 j - a scroll of recharging
 m - a scroll of teleportation {unknown}
Potions
 d - 6 potions of blood
 f - a potion of agility
 l - a potion of mutation
 n - a potion of heal wounds {unknown}
 p - 2 potions of lignification {unknown}
 q - a potion of might {unknown}
 r - a potion of flight
Books
 c - a book of Maledictions

   Spells                             Type                      Level
   a - Corona                         Hexes                        1
   b - Ensorcelled Hibernation        Hexes/Ice                    2
   c - Confuse                        Hexes                        3
   d - Tukima's Dance                 Hexes                        3
   e - Dazzling Spray                 Conjuration/Hexes            3


   Skills:
 + Level 3.5 Short Blades
 - Level 2.1 Dodging
 + Level 5.6 Stealth
 - Level 2.0 Spellcasting
 + Level 5.9 Hexes


You had one spell level left.
You knew the following spells:

 Your Spells              Type           Power        Failure   Level  Hunger
a - Corona                Hex            ###....      1%          1    #......
b - Ensorcelled Hibernat  Hex/Ice        ##....       9%          2    ###....
c - Tukima's Dance        Hex            ###.....     4%          3    ###....


Dungeon Overview and Level Annotations

Branches:
Dungeon (3/15)

Altars:
The Shining One


Innate Abilities, Weirdness & Mutations

You have razor-sharp teeth.
You have supernaturally acute eyesight. (SInv)
You can survive without breathing.


Message History

The orc is heavily wounded.
The adder closely misses you. The orc hits you with a falchion.
You hit the orc but do no damage.
The orc is heavily wounded.
The adder closely misses you. The orc hits you but does no damage.
You hit the orc.
The orc is severely wounded.
The adder bites you but does no damage. The adder bites you.
* * * LOW HITPOINT WARNING * * *
The orc barely misses you.
You hit the orc but do no damage.
The orc is severely wounded.
The adder closely misses you.
You hit the orc.
You kill the orc!
The adder bites you.
* * * LOW HITPOINT WARNING * * *
You are lethally poisoned!
The adder poisons you!
You die...

### #################.#
So..........[....(#
#################.# #.#
####'############### #.#
.........[.........####### #.#
.........................###.#
...........^....@............#
................S........###.#
.........................# #.#
#.......########...###'### #..
.)..<...########...###.#####...
..).............................
#......................###.######
#.......#.....##........#
......###.....##...(....#


You could see an adder.

Vanquished Creatures
  6 adders (D:2)
  An ooze (D:3)
  3 worms
  2 dart slugs
  2 leopard geckos
  An orc (D:3)
  7 bats
  A giant cockroach (D:1)
  8 goblins
  6 hobgoblins
  3 jackals
  6 kobolds
  A quokka (D:3)
  2 ball pythons
  6 frilled lizards
  9 rats
64 creatures vanquished.

Notes
Turn   | Place    | Note
-------+----------+-------------------------------------------
     0 | D:1      | sreda the Vampire Enchanter began the quest for the Orb.
     0 | D:1      | Reached XP level 1. HP: 13/13 MP: 3/3
   480 | D:1      | Reached XP level 2. HP: 16/19 MP: 1/5
   563 | D:1      | Learned a level 2 spell: Ensorcelled Hibernation
   606 | D:1      | Reached skill level 5 in Hexes
  1159 | D:2      | Reached XP level 3. HP: 24/24 MP: 6/6
  1255 | D:2      | Reached skill level 5 in Stealth
  1316 | D:2      | Reached XP level 4. HP: 14/30 MP: 0/7
  1322 | D:2      | Found a glowing golden altar of the Shining One.
  2193 | D:2      | Learned a level 3 spell: Tukima's Dance
  2825 | D:3      | Found a glowing golden altar of the Shining One.
  2964 | D:3      | Identified a +1 pair of boots of running (You found it on level 3 of the Dungeon)
  3148 | D:3      | HP: 1/30 [adder (5)]
  3149 | D:3      | Succumbed to an adder's poison

Skill      XL: |  1  2  3 |
---------------+----------+-----
Hexes          | 5 |  5.9
Short Blades   | 2 3 |  3.5
Stealth        | 5 |  5.6
Dodging        | |  2.1
Spellcasting   | |  2.0

Action                   |  1- 3 |  4- 6 || total
-------------------------+-------+-------++-------
Melee: Dagger            |    76 |    95 ||   171
       Bite              |     2 |     6 ||     8
 Cast: Corona            |     9 |     1 ||    10
       Ensorcelled Hiber |    13 |    33 ||    46
  Use: Potion            |     1 |     7 ||     8
       Scroll            |       |     9 ||     9
 Stab: Sleeping          |    10 |    19 ||    29
       Distracted        |       |     1 ||     1
Armor: Robe              |    14 |    20 ||    34
Dodge: Dodged            |    61 |    67 ||   128
